 Dungeon Crawl Stone Soup version 0.22-a0-40-g3d2f077 (webtiles) character file.

68222 tidbits the Covert (level 15, -4/115 HPs)
             Began as a Gnoll Necromancer on Jan 4, 2018.
             Was a High Priest of Cheibriados.
             Slain by a merfolk
             ... wielding a +0 trident
              (14 damage)
             ... on level 4 of the Shoals.
             The game lasted 01:24:58 (6923 turns).

tidbits the Covert (Gnoll Necromancer)              Turns: 6923, Time: 01:24:59

Health: -4/115     AC: 17    Str: 26    XL:     15   Next: 25%
Magic:  2/38       EV: 26    Int: 37    God:    Cheibriados [*****.]
Gold:   93         SH: 21    Dex: 44    Spells: 13/35 levels left

rFire    + . .     SeeInvis +   n - +0 eveningstar (drain)
rCold    + + .     Gourm    .   D - +0 shield {reflect}
rNeg     . . .     Faith    .   B - +1 leather armour of Moawat {rC+ MR++ rCorr Dex+4}
rPois    +         Spirit   .   E - +0 helmet
rElec    +         Reflect  +   C - +0 cloak {rPois}
rCorr    +         Harm     .   G - +0 pair of gloves
MR       +++..                  F - +0 pair of boots of Doruxal {*Slow MP+9 Dex+2 Slay+2} (curse)
Stlth    ++++++....             T - +5 amulet of reflection
HPRegen  0.29/turn              I - ring of see invisible
MPRegen  0.26/turn              K - ring "Fiqog" {rCorr Str+2 Dex+7}

@: resistant, very slightly contaminated, studying Stealth, invisible, very slow
A: distributed training, fangs 1, icy blue scales 1, iridescent scales 1, molten
scales 1, screaming 1, strong nose
a: Bend Time, Temporal Distortion, Slouch, Step From Time, Renounce Religion


You were on level 4 of the Shoals.
You worshipped Cheibriados.
Cheibriados was extremely pleased with you.
You were hungry.

You visited 5 branches of the dungeon, and saw 24 of its levels.
You also visited: Sewer, Bailey and Ice Cave.

You collected 2197 gold pieces.
You spent 2104 gold pieces at shops.

Inventory:

Hand Weapons
 a - a +2 dagger of electrocution
   (You found it on level 7 of the Dungeon)
 n - a +0 eveningstar of draining (weapon)
   (You took it off Urug on level 11 of the Dungeon)
 z - a +3 fustibalus
 X - the +1 falchion "Jesheo" {elec, rF+ Str+3}
   (You found it on level 9 of the Dungeon)

   Occasionally, upon striking a foe, it will discharge some electrical energy
   and cause terrible harm.
   It affects your strength (+3).
   It protects you from fire.
Missiles
 d - 55 stones
 o - 13 javelins
 u - 159 arrows
 S - 39 tomahawks (quivered)
 V - a throwing net {!f}
 W - 6 tomahawks of returning
Armour
 e - a +0 troll leather armour
 v - a +1 shield of poison resistance
   (You bought it in a shop on level 2 of the Orcish Mines)
 y - a +1 robe of fire resistance
   (You took it off an orc sorcerer on level 1 of the Orcish Mines)
 B - the +1 leather armour of Moawat (worn) {rC+ MR++ rCorr Dex+4}
   (You found it on level 4 of the Dungeon)

   It affects your dexterity (+4).
   It protects you from cold.
   It affects your resistance to hostile enchantments.
   It protects you from acid and corrosion.
 C - a +0 cloak of poison resistance (worn)
   (You found it in a bailey)
 D - a +0 shield of reflection (worn)
   (You bought it in a shop on level 2 of the Orcish Mines)
 E - a +0 helmet (worn)
 F - the cursed +0 pair of boots of Doruxal (worn) {*Slow MP+9 Dex+2 Slay+2}
   (You bought it in a shop on level 2 of the Orcish Mines)

   It affects your dexterity (+2).
   It affects your accuracy and damage with ranged weapons and melee attacks
   (+2).
   It affects your magic capacity (+9).
   It may slow you when you take damage.
   It has a curse placed upon it.
 G - a +0 pair of gloves (worn)
 U - +2 ice dragon scales
Jewellery
 H - an uncursed ring of protection from magic
   (You took it off a deep elf mage on level 15 of the Dungeon)
 I - a ring of see invisible (left hand)
   (You found it on level 10 of the Dungeon)
 K - the ring "Fiqog" (right hand) {rCorr Str+2 Dex+7}
   (You found it on level 14 of the Dungeon)

   [ring of resist corrosion]

   It affects your strength (+2).
   It affects your dexterity (+7).
 P - an uncursed ring of poison resistance
   (You found it on level 2 of the Dungeon)
 T - a +5 amulet of reflection (around neck)
   (You found it on level 8 of the Dungeon)
Wands
 g - a wand of iceblast (35)
 L - a wand of enslavement (19)
 Q - a wand of flame (56)
 Y - a wand of disintegration (8)
Scrolls
 f - 7 scrolls of teleportation
 j - a scroll of immolation {unknown}
 k - 4 scrolls of enchant weapon
 r - a scroll of remove curse
 t - 2 scrolls of blinking
 A - a scroll of fog
 J - a scroll of amnesia
 N - a scroll of fear
Potions
 b - 2 potions of might
 h - 4 potions of curing
 m - a potion of agility
 q - 7 potions of flight
 s - a potion of resistance
 w - 3 potions of lignification
 M - 2 potions of ambrosia {unknown}
 Z - a potion of brilliance
Books
 l - a book of Misfortune
   (You found it in a sewer)

   Spells                             Type                      Level
   a - Confusing Touch                Hexes                        1
   b - Confuse                        Hexes                        3
   c - Gell's Gravitas                Translocation                3
   d - Petrify                        Transmutation/Earth          4
   e - Metabolic Englaciation         Hexes/Ice                    5
   f - Yara's Violent Unravelling     Hexes/Transmutation          5
 R - a manual of Stealth
   (You found it on level 1 of the Orcish Mines)
Miscellaneous
 i - a crystal ball of energy
 O - a phial of floods
Comestibles
 c - 18 rations


   Skills:
 + Level 9.7 Fighting
 + Level 9.7 Short Blades
 + Level 9.7 Long Blades
 + Level 9.7 Axes
 + Level 9.7 Maces & Flails
 + Level 9.7 Polearms
 + Level 9.7 Staves
 + Level 9.7 Slings
 + Level 9.7 Bows
 + Level 9.7 Crossbows
 + Level 9.7 Throwing
 + Level 9.7 Armour
 + Level 10.7 Dodging
 + Level 11.3 Stealth
 + Level 9.7 Shields
 + Level 9.7 Unarmed Combat
 + Level 10.9 Spellcasting
 + Level 8.2 Conjurations
 + Level 8.2 Hexes
 + Level 8.2 Charms
 + Level 8.2 Summonings
 + Level 10.7 Necromancy
 + Level 8.2 Translocations
 + Level 8.2 Transmutations
 + Level 8.2 Fire Magic
 + Level 8.2 Ice Magic
 + Level 8.2 Air Magic
 + Level 8.2 Earth Magic
 + Level 8.2 Poison Magic
 + Level 10.6 Invocations
 + Level 9.7 Evocations


You had 13 spell levels left.
You knew the following spells:

 Your Spells              Type           Power        Failure   Level  Hunger
a - Pain                  Necr           ####         1%          1    None
d - Vampiric Draining     Necr           #######...   1%          3    None
n - Animate Skeleton      Necr           N/A          1%          1    None
r - Regeneration          Chrm/Necr      ######....   1%          3    None
v - Borgnjor's Vile Clut  Necr/Erth      ######....   2%          5    None
w - Spectral Weapon       Hex/Chrm       ######..     1%          3    None
y - Song of Slaying       Chrm           ######..     1%          2    None
N - Animate Dead          Necr           N/A          1%          4    None


Dungeon Overview and Level Annotations

Branches:
Dungeon (15/15)              Lair (2/6) D:8          Shoals (4/4) Lair:2
    Orc (2/2) D:10            Elf (1/3) Orc:2        Vaults (0/5) D:14
 Depths (0/5) D:15
 Temple: D:4-7        Snake: Lair:2-4    Spider: Lair:2-4

Altars:
Ashenzari
Cheibriados
Fedhas
Gozag
Makhleb
Nemelex Xobeh
Ru
Trog
Xom
Beogh

Shops:
D:10 ([   D:13 [   Orc:2 (*[:


Innate Abilities, Weirdness & Mutations

Your experience applies equally to all skills.
You have very sharp teeth.
Your uncanny sense of smell can sniff out nearby items.
You are partially covered in icy blue scales. (AC +2)
You are partially covered in iridescent scales. (AC +2)
You are partially covered in molten scales. (AC +2)
You occasionally shout uncontrollably at your foes.


Message History

The merfolk javelineer completely misses you.
The sea snake bites you.
* * * LOW HITPOINT WARNING * * *
The merfolk barely misses you. You block the merfolk siren's attack.
Unknown command.
You impale the water elemental!!
You destroy the water elemental!
Cheibriados thoroughly appreciates the change of pace.
You block the merfolk's attack. You block the merfolk impaler's attack.
You block the merfolk's attack. The sea snake bites you!
* * * LOW HITPOINT WARNING * * *
The merfolk javelineer closely misses you.
The merfolk impaler hits you from afar with a trident!
* * * LOW HITPOINT WARNING * * *
The merfolk siren chants a haunting song.
You resist with almost no effort.
You can feel time thicken for a moment.
You kill the merfolk!
Cheibriados appreciates the change of pace.
You hear a splash.
You feel somewhat more hungry.
Cheibriados lowers the support of your attributes as your movement quickens.
The merfolk closely misses you. You block the sea snake's attack.
The merfolk impaler hits you from afar with a trident!
* * * LOW HITPOINT WARNING * * *
The merfolk javelineer hits you but does no damage.
The merfolk siren misses you.
You feel much better.
The merfolk hits you from afar with a trident.
* * * LOW HITPOINT WARNING * * *
The merfolk impaler hits you from afar with a trident.
* * * LOW HITPOINT WARNING * * *
You block the sea snake's attack. You block the merfolk's attack.
You block the merfolk javelineer's attack.
The merfolk impaler hits you from afar with a trident!
* * * LOW HITPOINT WARNING * * *
The merfolk siren closely misses you.
You feel much better. The sea snake completely misses you.
You block the merfolk's attack.
The merfolk impaler hits you from afar with a trident.
* * * LOW HITPOINT WARNING * * *
You block the merfolk javelineer's attack.
The merfolk siren hits you from afar with a spear!
* * * LOW HITPOINT WARNING * * *
You fade into invisibility!
The sea snake completely misses you.
The merfolk hits you but does no damage.
The merfolk impaler completely misses you.
The merfolk impaler barely misses you.
You block the merfolk javelineer's attack.
You block the sea snake's attack. The merfolk siren closely misses you.
You are very lightly contaminated with residual magic.
You catch the helpless sea snake completely off-guard!
You thump the sea snake!
The sea snake is heavily wounded.
The merfolk completely misses you. You block the merfolk impaler's attack.
You block the merfolk's attack.
The merfolk javelineer completely misses you.
The merfolk impaler closely misses you.
The merfolk siren chants a haunting song.
You easily resist.
You block the merfolk's attack.
The merfolk javelineer throws a javelin of penetration.
The javelin of penetration pierces through you.
* * * LOW HITPOINT WARNING * * *
The javelin of penetration pierces through the merfolk siren!!
The merfolk siren dies!
You hear a splash.
The merfolk completely misses you. The sea snake closely misses you.
The merfolk javelineer throws a javelin of penetration.
The javelin of penetration closely misses the merfolk impaler.
The javelin of penetration completely misses you.
You hear a splash.
The merfolk misses you.
You strike the helpless merfolk impaler from behind!
You impale the merfolk impaler!!
You kill the merfolk impaler!
Cheibriados thoroughly appreciates the change of pace.
You block the sea snake's attack. You block the merfolk's attack.
The merfolk javelineer throws a javelin of penetration.
The javelin of penetration closely misses you.
You hear a splash.
You sock the sea snake! You drain the sea snake! You bite the sea snake.
The sea snake is severely wounded.
You block the merfolk's attack.
The merfolk javelineer throws a javelin of penetration.
The javelin of penetration pierces through you!
* * * LOW HITPOINT WARNING * * *
You hear a splash.
You catch the helpless sea snake completely off-guard!
You bludgeon the sea snake!!
You kill the sea snake!
Cheibriados appreciates the change of pace.
The merfolk misses you.
The merfolk javelineer throws a javelin of penetration.
The javelin of penetration pierces through you.
* * * LOW HITPOINT WARNING * * *
You hear a splash.
The merfolk hits you from afar with a trident!
You die...

≈≈≈≈≈≈≈≈≈≈≈≈≈≈≈≈
≈≈≈≈≈≈≈≈≈≈≈≈≈≈≈≈
≈≈≈≈≈≈≈≈≈≈≈≈≈≈≈≈≈
≈≈≈.......(≈≈≈≈≈≈
#≈≈.......(≈≈≈≈≈≈
#≈≈≈.......≈≈≈≈≈≈
#≈.....)[..≈≈≈≈≈
#≈...(<@)..≈≈≈≈≈
##....)..m≈≈≈.≈≈
#......()[≈≈##
#≈≈≈m)≈≈?)≈≈#
#≈≈≈≈≈≈≈≈≈((.#
#(≈≈≈≈≈≈≈≈#.).≈
≈≈≈≈≈≈≈≈≈≈##..#.
≈≈≈≈≈≈≈≈≈≈# ≈..
≈≈≈≈≈≈≈≈≈.≈ .


You could see a merfolk javelineer and a merfolk.

Vanquished Creatures
  Ilsuiw (Shoals:4)
  A frost giant (IceCv)
  An orc warlord (Orc:2)
  A stone giant (Orc:1)
  An ettin (Orc:1)
  A merfolk javelineer (Shoals:4)
  A merfolk impaler (Shoals:4)
  Erolcha (D:12)
  A rakshasa (D:12)
  A hydra (D:14)
  2 centaur warriors (D:13)
  8 two-headed ogres
  2 merfolk aquamancers
  Urug (D:11)
  A tengu warrior (D:15)
  4 orc high priests
  The ghost of tidbits the Reanimator, a novice GnNe of Cheibriados (D:10)
  3 sea snakes
  An unseen horror (D:15)
  Pikel (D:7)
  A necromancer (D:14)
  8 orc knights
  2 deep elf magi (D:15)
  3 ugly things
  10 harpies (Shoals:2)
  A manticore (D:14)
  3 cyclopes
  5 orc sorcerers
  2 centaur skeletons
  A gargoyle (D:15)
  An ice statue (IceCv)
  A spiny frog (Lair:1)
  2 komodo dragons
  6 merfolk
  2 harpy zombies (Shoals:2)
  15 polar bears (IceCv)
  5 trolls
  6 blink frogs (Lair:1)
  A hippogriff (D:15)
  A snapping turtle (Lair:2)
  Sigmund (D:3)
  4 shadows
  A wraith (D:12)
  2 vampires (D:11)
  7 water elementals
  25 yaks
  3 wyverns
  4 vampire mosquitoes (D:15)
  2 wargs (Orc:2)
  A water moccasin (D:11)
  A soldier ant (D:15)
  3 porcupines
  37 orc warriors
  2 eyes of draining
  4 sky beasts
  2 black bears
  3 ice beasts
  3 phantoms
  A necrophage (D:12)
  3 boggarts (D:15)
  9 ogres
  11 centaurs
  19 wolves (IceCv)
  2 crocodiles
  2 big kobolds
  6 bullfrogs
  A water moccasin zombie (D:7)
  10 killer bees
  3 wights (D:9)
  A crimson imp (D:9)
  2 bullfrog zombies
  2 centaur zombies (D:6)
  2 jellies
  2 hounds
  11 orc priests
  A bullfrog skeleton (D:5)
  3 iguanas
  14 orc wizards
  4 merfolk sirens
  11 worker ants
  A merfolk avatar (Sewer)
  11 adders
  A river rat (Sewer)
  A shadow imp (D:15)
  2 adder zombies (D:9)
  4 worms
  2 dart slugs
  10 leopard geckos
  62 orcs
  A bat zombie (Shoals:2)
  13 giant cockroaches
  6 hobgoblins
  2 jackals (D:1)
  A ball python (D:3)
  7 bats
  12 frilled lizards
  8 goblins
  12 kobolds
  2 leopard gecko skeletons
  28 rats
  6 fungi
  5 plants (D:8)
532 creatures vanquished.

Vanquished Creatures (collateral kills)
  An orc knight (Bailey)
  An ugly thing (D:11)
  A harpy zombie (Shoals:2)
  A snapping turtle (Shoals:2)
  3 yaks
  An orc warrior (Bailey)
  5 wolves (IceCv)
  A scorpion (D:9)
  A wight (D:9)
  A crimson imp (D:13)
  An iguana (D:11)
  2 leopard geckos
  5 orcs
  A goblin (D:10)
  2 quokka skeletons
27 creatures vanquished.

Vanquished Creatures (others)
  A centaur warrior (D:14)
  A cyclops (Shoals:3)
  A merfolk siren (Shoals:4)
  A komodo dragon (D:10)
  Duvessa (D:7)
  A water moccasin (D:7)
  2 slaves (D:7)
  An orc warrior (Orc:2)
  A centaur (D:13)
  Dowan (D:7)
  A howler monkey (D:7)
  An orc (Orc:1)
  20 fungi
  7 plants
40 creatures vanquished.

Grand Total: 599 creatures vanquished

Notes
Turn   | Place    | Note
-------+----------+-------------------------------------------
     0 | D:1      | tidbits the Gnoll Necromancer began the quest for the Orb.
     0 | D:1      | Reached XP level 1. HP: 13/13 MP: 6/6
    89 | D:1      | Reached XP level 2. HP: 15/19 MP: 4/7
   280 | D:2      | Reached XP level 3. HP: 1/25 MP: 2/9
   289 | D:2      | Learned a level 3 spell: Regeneration
   294 | D:2      | Learned a level 3 spell: Vampiric Draining
   296 | D:2      | Learned a level 1 spell: Animate Skeleton
   330 | D:2      | Reached skill level 5 in Spellcasting
   430 | D:1      | Reached skill level 1 in Invocations
   576 | D:3      | Reached skill level 1 in Fighting
   576 | D:3      | Reached skill level 1 in Short Blades
   576 | D:3      | Reached skill level 1 in Long Blades
   576 | D:3      | Reached skill level 1 in Axes
   576 | D:3      | Reached skill level 1 in Maces & Flails
   576 | D:3      | Reached skill level 1 in Polearms
   576 | D:3      | Reached skill level 1 in Staves
   576 | D:3      | Reached skill level 1 in Slings
   576 | D:3      | Reached skill level 1 in Bows
   576 | D:3      | Reached skill level 1 in Crossbows
   576 | D:3      | Reached skill level 1 in Throwing
   576 | D:3      | Reached skill level 1 in Armour
   576 | D:3      | Reached skill level 1 in Shields
   576 | D:3      | Reached skill level 1 in Unarmed Combat
   576 | D:3      | Reached skill level 1 in Evocations
   576 | D:3      | Reached XP level 4. HP: 29/32 MP: 6/11
   672 | D:3      | Found a glowing drain.
   711 | Sewer    | Entered a sewer
   788 | Sewer    | Reached skill level 1 in Conjurations
   788 | Sewer    | Reached skill level 1 in Hexes
   788 | Sewer    | Reached skill level 1 in Charms
   788 | Sewer    | Reached skill level 1 in Summonings
   788 | Sewer    | Reached skill level 1 in Translocations
   788 | Sewer    | Reached skill level 1 in Transmutations
   788 | Sewer    | Reached skill level 1 in Fire Magic
   788 | Sewer    | Reached skill level 1 in Ice Magic
   788 | Sewer    | Reached skill level 1 in Air Magic
   788 | Sewer    | Reached skill level 1 in Earth Magic
   788 | Sewer    | Reached skill level 1 in Poison Magic
   804 | Sewer    | Reached XP level 5. HP: 22/37 MP: 5/12
   924 | Sewer    | Noticed a malarious merfolk avatar
   950 | Sewer    | Learned a level 5 spell: Borgnjor's Vile Clutch
   982 | Sewer    | Killed a malarious merfolk avatar
  1114 | D:4      | Reached XP level 6. HP: 37/44 MP: 6/13
  1149 | D:4      | Reached skill level 2 in Invocations
  1168 | D:4      | Reached skill level 5 in Dodging
  1315 | D:3      | Reached skill level 2 in Fighting
  1315 | D:3      | Reached skill level 2 in Short Blades
  1315 | D:3      | Reached skill level 2 in Long Blades
  1315 | D:3      | Reached skill level 2 in Axes
  1315 | D:3      | Reached skill level 2 in Maces & Flails
  1315 | D:3      | Reached skill level 2 in Polearms
  1315 | D:3      | Reached skill level 2 in Staves
  1315 | D:3      | Reached skill level 2 in Slings
  1315 | D:3      | Reached skill level 2 in Bows
  1315 | D:3      | Reached skill level 2 in Crossbows
  1315 | D:3      | Reached skill level 2 in Throwing
  1315 | D:3      | Reached skill level 2 in Armour
  1315 | D:3      | Reached skill level 2 in Shields
  1315 | D:3      | Reached skill level 2 in Unarmed Combat
  1315 | D:3      | Reached skill level 2 in Evocations
  1487 | D:3      | Noticed Sigmund
  1494 | D:3      | Killed Sigmund
  1494 | D:3      | Reached XP level 7. HP: 19/51 MP: 8/15
  1598 | D:4      | Reached skill level 2 in Conjurations
  1598 | D:4      | Reached skill level 2 in Hexes
  1598 | D:4      | Reached skill level 2 in Charms
  1598 | D:4      | Reached skill level 2 in Summonings
  1598 | D:4      | Reached skill level 2 in Translocations
  1598 | D:4      | Reached skill level 2 in Transmutations
  1598 | D:4      | Reached skill level 2 in Fire Magic
  1598 | D:4      | Reached skill level 2 in Ice Magic
  1598 | D:4      | Reached skill level 2 in Air Magic
  1598 | D:4      | Reached skill level 2 in Earth Magic
  1598 | D:4      | Reached skill level 2 in Poison Magic
  1621 | D:5      | Entered Level 5 of the Dungeon
  1739 | D:4      | Reached skill level 5 in Stealth
  1751 | D:4      | Found a burning altar of Makhleb.
  1849 | D:4      | Reached skill level 3 in Invocations
  1928 | D:4      | Got a brightly glowing leather armour
  1939 | D:4      | Identified the +1 leather armour of Moawat {rC+ MR++ rCorr Dex+4} (You found it on level 4 of the Dungeon)
  2060 | D:4      | Reached XP level 8. HP: 57/57 MP: 0/16
  2132 | D:6      | Found a bloodstained altar of Trog.
  2132 | D:6      | Found a snail-covered altar of Cheibriados.
  2132 | D:6      | Found a blossoming altar of Fedhas.
  2132 | D:6      | Found an opulent altar of Gozag.
  2132 | D:6      | Found a sparkling altar of Nemelex Xobeh.
  2132 | D:6      | Found a sacrificial altar of Ru.
  2133 | D:6      | Found a shimmering altar of Xom.
  2136 | D:6      | Became a worshipper of Cheibriados the Contemplative
  2177 | D:6      | Reached skill level 3 in Fighting
  2177 | D:6      | Reached skill level 3 in Short Blades
  2177 | D:6      | Reached skill level 3 in Long Blades
  2177 | D:6      | Reached skill level 3 in Axes
  2177 | D:6      | Reached skill level 3 in Maces & Flails
  2177 | D:6      | Reached skill level 3 in Polearms
  2177 | D:6      | Reached skill level 3 in Staves
  2177 | D:6      | Reached skill level 3 in Slings
  2177 | D:6      | Reached skill level 3 in Bows
  2177 | D:6      | Reached skill level 3 in Crossbows
  2177 | D:6      | Reached skill level 3 in Throwing
  2177 | D:6      | Reached skill level 3 in Armour
  2177 | D:6      | Reached skill level 3 in Shields
  2177 | D:6      | Reached skill level 3 in Unarmed Combat
  2177 | D:6      | Reached skill level 3 in Evocations
  2314 | D:7      | Reached skill level 6 in Spellcasting
  2408 | D:7      | Noticed Pikel
  2409 | D:7      | Noticed Dowan
  2418 | D:7      | Killed Pikel
  2418 | D:7      | Reached skill level 6 in Dodging
  2418 | D:7      | Reached skill level 3 in Conjurations
  2418 | D:7      | Reached skill level 3 in Hexes
  2418 | D:7      | Reached skill level 3 in Charms
  2418 | D:7      | Reached skill level 3 in Summonings
  2418 | D:7      | Reached skill level 3 in Translocations
  2418 | D:7      | Reached skill level 3 in Transmutations
  2418 | D:7      | Reached skill level 3 in Fire Magic
  2418 | D:7      | Reached skill level 3 in Ice Magic
  2418 | D:7      | Reached skill level 3 in Air Magic
  2418 | D:7      | Reached skill level 3 in Earth Magic
  2418 | D:7      | Reached skill level 3 in Poison Magic
  2418 | D:7      | Reached skill level 4 in Invocations
  2418 | D:7      | Reached XP level 9. HP: 42/65 MP: 5/18
  2425 | D:7      | Noticed Duvessa
  2426 | D:7      | Killed Dowan
  2438 | D:7      | Killed Duvessa
  2453 | D:7      | Found a shattered altar of Ashenzari.
  2602 | D:8      | Reached skill level 4 in Fighting
  2602 | D:8      | Reached skill level 4 in Short Blades
  2602 | D:8      | Reached skill level 4 in Long Blades
  2602 | D:8      | Reached skill level 4 in Axes
  2602 | D:8      | Reached skill level 4 in Maces & Flails
  2602 | D:8      | Reached skill level 4 in Polearms
  2602 | D:8      | Reached skill level 4 in Staves
  2602 | D:8      | Reached skill level 4 in Slings
  2602 | D:8      | Reached skill level 4 in Bows
  2602 | D:8      | Reached skill level 4 in Crossbows
  2602 | D:8      | Reached skill level 4 in Throwing
  2602 | D:8      | Reached skill level 4 in Armour
  2602 | D:8      | Reached skill level 4 in Shields
  2602 | D:8      | Reached skill level 4 in Unarmed Combat
  2602 | D:8      | Reached skill level 4 in Evocations
  2645 | D:10     | Entered Level 10 of the Dungeon
  2702 | D:10     | Noticed tidbits's ghost (novice GnNe)
  2703 | D:10     | Noticed a komodo dragon
  2711 | D:10     | Killed tidbits's ghost
  2711 | D:10     | Reached skill level 6 in Stealth
  2711 | D:10     | Reached skill level 8 in Necromancy
  2726 | D:10     | Reached * piety under Cheibriados
  2730 | D:10     | Reached skill level 5 in Invocations
  2736 | D:10     | Reached XP level 10. HP: 51/73 MP: 7/20
  2746 | D:10     | Reached skill level 7 in Spellcasting
  2751 | D:10     | Reached skill level 4 in Conjurations
  2751 | D:10     | Reached skill level 4 in Hexes
  2751 | D:10     | Reached skill level 4 in Charms
  2751 | D:10     | Reached skill level 4 in Summonings
  2751 | D:10     | Reached skill level 4 in Translocations
  2751 | D:10     | Reached skill level 4 in Transmutations
  2751 | D:10     | Reached skill level 4 in Fire Magic
  2751 | D:10     | Reached skill level 4 in Ice Magic
  2751 | D:10     | Reached skill level 4 in Air Magic
  2751 | D:10     | Reached skill level 4 in Earth Magic
  2751 | D:10     | Reached skill level 4 in Poison Magic
  2828 | D:10     | Found a roughly hewn altar of Beogh.
  2886 | D:10     | Reached ** piety under Cheibriados
  2942 | D:10     | Found a flagged portal.
  2958 | Bailey   | Entered a bailey
  3026 | Bailey   | Noticed an orc knight
  3102 | Bailey   | Noticed an orc knight
  3102 | Bailey   | Noticed an orc knight
  3105 | Bailey   | Reached skill level 5 in Fighting
  3105 | Bailey   | Reached skill level 5 in Short Blades
  3105 | Bailey   | Reached skill level 5 in Long Blades
  3105 | Bailey   | Reached skill level 5 in Axes
  3105 | Bailey   | Reached skill level 5 in Maces & Flails
  3105 | Bailey   | Reached skill level 5 in Polearms
  3105 | Bailey   | Reached skill level 5 in Staves
  3105 | Bailey   | Reached skill level 5 in Slings
  3105 | Bailey   | Reached skill level 5 in Bows
  3105 | Bailey   | Reached skill level 5 in Crossbows
  3105 | Bailey   | Reached skill level 5 in Throwing
  3105 | Bailey   | Reached skill level 5 in Armour
  3105 | Bailey   | Reached skill level 5 in Shields
  3105 | Bailey   | Reached skill level 5 in Unarmed Combat
  3105 | Bailey   | Reached skill level 5 in Evocations
  3111 | Bailey   | Killed an orc knight
  3131 | Bailey   | Killed an orc knight
  3131 | Bailey   | Reached skill level 7 in Dodging
  3147 | Bailey   | Killed an orc knight
  3182 | Bailey   | Noticed an orc knight
  3187 | Bailey   | Killed an orc knight
  3187 | Bailey   | Reached skill level 6 in Invocations
  3280 | D:9      | Reached skill level 7 in Stealth
  3418 | D:9      | Noticed a two-headed ogre
  3423 | D:9      | Reached XP level 11. HP: 81/81 MP: 16/22
  3423 | D:9      | Reached *** piety under Cheibriados
  3427 | D:9      | Killed a two-headed ogre
  3487 | D:9      | Got a warped falchion
  3488 | D:9      | Identified the cursed +1 falchion "Jesheo" {elec, rF+ Str+3} (You found it on level 9 of the Dungeon)
  3513 | D:9      | Reached skill level 6 in Fighting
  3513 | D:9      | Reached skill level 6 in Short Blades
  3513 | D:9      | Reached skill level 6 in Long Blades
  3513 | D:9      | Reached skill level 6 in Axes
  3513 | D:9      | Reached skill level 6 in Maces & Flails
  3513 | D:9      | Reached skill level 6 in Polearms
  3513 | D:9      | Reached skill level 6 in Staves
  3513 | D:9      | Reached skill level 6 in Slings
  3513 | D:9      | Reached skill level 6 in Bows
  3513 | D:9      | Reached skill level 6 in Crossbows
  3513 | D:9      | Reached skill level 6 in Throwing
  3513 | D:9      | Reached skill level 6 in Armour
  3513 | D:9      | Reached skill level 6 in Shields
  3513 | D:9      | Reached skill level 6 in Unarmed Combat
  3513 | D:9      | Reached skill level 6 in Evocations
  3514 | D:9      | Reached skill level 5 in Conjurations
  3514 | D:9      | Reached skill level 5 in Hexes
  3514 | D:9      | Reached skill level 5 in Charms
  3514 | D:9      | Reached skill level 5 in Summonings
  3514 | D:9      | Reached skill level 5 in Translocations
  3514 | D:9      | Reached skill level 5 in Transmutations
  3514 | D:9      | Reached skill level 5 in Fire Magic
  3514 | D:9      | Reached skill level 5 in Ice Magic
  3514 | D:9      | Reached skill level 5 in Air Magic
  3514 | D:9      | Reached skill level 5 in Earth Magic
  3514 | D:9      | Reached skill level 5 in Poison Magic
  3550 | D:10     | Found a staircase to the Orcish Mines.
  3550 | D:10     | Found Nudgh's Weapon Shoppe.
  3560 | D:10     | Reached skill level 8 in Spellcasting
  3602 | D:10     | Found Todit Rye's Armour Shoppe.
  3649 | D:11     | Reached **** piety under Cheibriados
  3665 | D:11     | Noticed a white ugly thing
  3679 | D:11     | Killed a white ugly thing
  3688 | D:11     | Learned a level 4 spell: Animate Dead
  3695 | D:11     | Noticed a white ugly thing
  3697 | D:11     | Noticed a green ugly thing
  3706 | D:11     | Killed a green ugly thing
  3706 | D:11     | Reached skill level 9 in Necromancy
  3706 | D:11     | Reached skill level 7 in Invocations
  3706 | D:11     | Killed a white ugly thing
  3706 | D:11     | Reached skill level 8 in Dodging
  3709 | D:11     | Noticed Urug
  3712 | D:11     | Killed Urug
  3843 | D:12     | Noticed Erolcha
  3843 | D:12     | Noticed a two-headed ogre
  3850 | D:12     | Killed a two-headed ogre
  3850 | D:12     | Reached skill level 8 in Stealth
  3853 | D:12     | Reached XP level 12. HP: 68/89 MP: 9/24
  3855 | D:12     | Killed Erolcha
  3961 | D:13     | Noticed a centaur warrior
  3969 | D:13     | Killed a centaur warrior
  3970 | D:13     | Noticed a centaur warrior
  3979 | D:13     | Killed a centaur warrior
  3979 | D:13     | Reached skill level 7 in Fighting
  3979 | D:13     | Reached skill level 7 in Short Blades
  3979 | D:13     | Reached skill level 7 in Long Blades
  3979 | D:13     | Reached skill level 7 in Axes
  3979 | D:13     | Reached skill level 7 in Maces & Flails
  3979 | D:13     | Reached skill level 7 in Polearms
  3979 | D:13     | Reached skill level 7 in Staves
  3979 | D:13     | Reached skill level 7 in Slings
  3979 | D:13     | Reached skill level 7 in Bows
  3979 | D:13     | Reached skill level 7 in Crossbows
  3979 | D:13     | Reached skill level 7 in Throwing
  3979 | D:13     | Reached skill level 7 in Armour
  3979 | D:13     | Reached skill level 7 in Shields
  3979 | D:13     | Reached skill level 7 in Unarmed Combat
  3979 | D:13     | Reached skill level 7 in Evocations
  4200 | D:13     | Found Irghupt's Antique Armour Shop.
  4262 | D:13     | Reached ***** piety under Cheibriados
  4317 | D:14     | Noticed a centaur warrior
  4317 | D:14     | Noticed a two-headed ogre
  4318 | D:14     | Reached skill level 6 in Conjurations
  4318 | D:14     | Reached skill level 6 in Hexes
  4318 | D:14     | Reached skill level 6 in Charms
  4318 | D:14     | Reached skill level 6 in Summonings
  4318 | D:14     | Reached skill level 6 in Translocations
  4318 | D:14     | Reached skill level 6 in Transmutations
  4318 | D:14     | Reached skill level 6 in Fire Magic
  4318 | D:14     | Reached skill level 6 in Ice Magic
  4318 | D:14     | Reached skill level 6 in Air Magic
  4318 | D:14     | Reached skill level 6 in Earth Magic
  4318 | D:14     | Reached skill level 6 in Poison Magic
  4325 | D:14     | Killed a centaur warrior
  4325 | D:14     | Reached skill level 8 in Invocations
  4327 | D:14     | Killed a two-headed ogre
  4327 | D:14     | Reached skill level 9 in Spellcasting
  4368 | D:15     | Entered Level 15 of the Dungeon
  4391 | D:15     | Noticed a tengu warrior
  4396 | D:15     | Killed a tengu warrior
  4555 | D:15     | Reached skill level 9 in Dodging
  4557 | D:15     | Found a frozen archway.
  4595 | IceCv    | Entered an ice cave
  4607 | IceCv    | Reached XP level 13. HP: 93/98 MP: 11/26
  4743 | IceCv    | Reached skill level 9 in Stealth
  4817 | IceCv    | Reached ****** piety under Cheibriados
  4877 | IceCv    | Reached skill level 8 in Fighting
  4877 | IceCv    | Reached skill level 8 in Short Blades
  4877 | IceCv    | Reached skill level 8 in Long Blades
  4877 | IceCv    | Reached skill level 8 in Axes
  4877 | IceCv    | Reached skill level 8 in Maces & Flails
  4877 | IceCv    | Reached skill level 8 in Polearms
  4877 | IceCv    | Reached skill level 8 in Staves
  4877 | IceCv    | Reached skill level 8 in Slings
  4877 | IceCv    | Reached skill level 8 in Bows
  4877 | IceCv    | Reached skill level 8 in Crossbows
  4877 | IceCv    | Reached skill level 8 in Throwing
  4877 | IceCv    | Reached skill level 8 in Armour
  4877 | IceCv    | Reached skill level 8 in Shields
  4877 | IceCv    | Reached skill level 8 in Unarmed Combat
  4877 | IceCv    | Reached skill level 8 in Evocations
  4967 | IceCv    | Noticed a frost giant
  4988 | IceCv    | Killed a frost giant
  4988 | IceCv    | Reached skill level 9 in Invocations
  5191 | D:14     | Got a scorched jade ring
  5193 | D:14     | Identified the ring "Fiqog" {rCorr Str+2 Dex+7} (You found it on level 14 of the Dungeon)
  5248 | D:14     | Reached skill level 10 in Necromancy
  5255 | D:14     | Reached skill level 7 in Conjurations
  5255 | D:14     | Reached skill level 7 in Hexes
  5255 | D:14     | Reached skill level 7 in Charms
  5255 | D:14     | Reached skill level 7 in Summonings
  5255 | D:14     | Reached skill level 7 in Translocations
  5255 | D:14     | Reached skill level 7 in Transmutations
  5255 | D:14     | Reached skill level 7 in Fire Magic
  5255 | D:14     | Reached skill level 7 in Ice Magic
  5255 | D:14     | Reached skill level 7 in Air Magic
  5255 | D:14     | Reached skill level 7 in Earth Magic
  5255 | D:14     | Reached skill level 7 in Poison Magic
  5265 | D:14     | Found a gate to the Vaults.
  5431 | D:12     | Gained mutation: You are partially covered in iridescent scales. (AC +2) [potion of mutation]
  5431 | D:12     | Gained mutation: You are partially covered in icy blue scales. (AC +2) [potion of mutation]
  5431 | D:12     | Gained mutation: You occasionally shout uncontrollably at your foes. [potion of mutation]
  5431 | D:12     | Gained mutation: You are partially covered in molten scales. (AC +2) [potion of mutation]
  5513 | D:12     | Noticed a rakshasa
  5522 | D:12     | Killed a rakshasa
  5583 | Orc:1    | Entered Level 1 of the Orcish Mines
  5705 | Orc:1    | Found a transporter.
  5721 | Orc:1    | Found a roughly hewn altar of Beogh.
  5722 | Orc:1    | Noticed an ettin
  5724 | Orc:1    | Noticed a stone giant
  5727 | Orc:1    | Reached skill level 10 in Spellcasting
  5728 | Orc:1    | Killed an ettin
  5728 | Orc:1    | Reached XP level 14. HP: 106/106 MP: 10/28
  5730 | Orc:1    | Killed a stone giant
  5733 | Orc:1    | Found a transporter.
  5828 | Orc:1    | Found a roughly hewn altar of Beogh.
  5843 | Orc:2    | Entered Level 2 of the Orcish Mines
  5845 | Orc:2    | Found Ynudd's General Store.
  5848 | Orc:2    | Reached skill level 10 in Dodging
  5934 | Orc:2    | Reached skill level 10 in Stealth
  5941 | Orc:2    | Reached skill level 9 in Fighting
  5941 | Orc:2    | Reached skill level 9 in Short Blades
  5941 | Orc:2    | Reached skill level 9 in Long Blades
  5941 | Orc:2    | Reached skill level 9 in Axes
  5941 | Orc:2    | Reached skill level 9 in Maces & Flails
  5941 | Orc:2    | Reached skill level 9 in Polearms
  5941 | Orc:2    | Reached skill level 9 in Staves
  5941 | Orc:2    | Reached skill level 9 in Slings
  5941 | Orc:2    | Reached skill level 9 in Bows
  5941 | Orc:2    | Reached skill level 9 in Crossbows
  5941 | Orc:2    | Reached skill level 9 in Throwing
  5941 | Orc:2    | Reached skill level 9 in Armour
  5941 | Orc:2    | Reached skill level 9 in Shields
  5941 | Orc:2    | Reached skill level 9 in Unarmed Combat
  5941 | Orc:2    | Reached skill level 9 in Evocations
  6012 | Orc:2    | Found Todit Rye's Book Emporium.
  6054 | Orc:2    | Found Sunyla's Antique Armour Shop.
  6078 | Orc:2    | Noticed an orc warlord
  6324 | Orc:2    | Found a staircase to the Elven Halls.
  6339 | Elf:1    | Entered Level 1 of the Elven Halls
  6363 | Orc:2    | Found Hocobi Ciwne's Antique Weapon Boutique.
  6437 | Orc:2    | Killed an orc warlord
  6451 | Orc:2    | Bought a glowing shield for 262 gold pieces
  6461 | Orc:2    | Bought a runed shield for 262 gold pieces
  6473 | Orc:2    | Bought a pair of twisted boots for 332 gold pieces
  6480 | Orc:2    | Identified the cursed +0 pair of boots of Doruxal {*Slow MP+9 Dex+2 Slay+2} (You bought it in a shop on level 2 of the Orcish Mines)
  6505 | Orc:2    | Bought a scroll of acquirement for 728 gold pieces
  6530 | Orc:2    | Reached skill level 10 in Invocations
  6543 | Orc:2    | Bought a book of Battle for 520 gold pieces
  6549 | Orc:2    | Learned a level 3 spell: Spectral Weapon
  6625 | D:8      | Found a staircase to the Lair.
  6664 | D:8      | Learned a level 2 spell: Song of Slaying
  6665 | Lair:1   | Entered Level 1 of the Lair of Beasts
  6779 | Lair:2   | Found a staircase to the Shoals.
  6793 | Shoals:1 | Entered Level 1 of the Shoals
  6872 | Shoals:3 | Reached skill level 8 in Conjurations
  6872 | Shoals:3 | Reached skill level 8 in Hexes
  6872 | Shoals:3 | Reached skill level 8 in Charms
  6872 | Shoals:3 | Reached skill level 8 in Summonings
  6872 | Shoals:3 | Reached skill level 8 in Translocations
  6872 | Shoals:3 | Reached skill level 8 in Transmutations
  6872 | Shoals:3 | Reached skill level 8 in Fire Magic
  6872 | Shoals:3 | Reached skill level 8 in Ice Magic
  6872 | Shoals:3 | Reached skill level 8 in Air Magic
  6872 | Shoals:3 | Reached skill level 8 in Earth Magic
  6872 | Shoals:3 | Reached skill level 8 in Poison Magic
  6876 | Shoals:3 | Reached XP level 15. HP: 92/114 MP: 16/29
  6887 | Shoals:3 | Reached skill level 11 in Stealth
  6894 | Shoals:4 | Entered Level 4 of the Shoals
  6897 | Shoals:4 | Noticed Ilsuiw
  6911 | Shoals:4 | Killed Ilsuiw
  6923 | Shoals:4 | HP: 10/115 [merfolk javelineer/javelin of penetration (6)]
  6923 | Shoals:4 | Slain by a merfolk

Vault maps used:
D:1:      dpeg_arrival_brainrot
D:3:      kennysheep_six_static_rooms, gup_sewer_entry_pipe, uniq_sigmund
D:4:      tso_oasis_becter, lemuel_doored_altar
D:5:      kennysheep_mini_moat, temple_fountains, first_ration
D:6:      grunt_temple_overflow_open, nemelex_spade_bored_becter
D:7:      overflow_temple_1_default, grunt_livestock, uniq_duvessa, uniq_pikel
D:8:      marbit_many_paths, due_lair_maze_entry_diamond, uniq_erica
D:10:     orc_david_3, special_room, serial_shops, shop, enter_bailey_3
D:11:     uniq_urug
D:12:     uniq_erolcha
D:13:     serial_shops, shop
D:14:     david_vaults_4, grunt_decor_arrowhead, uniq_roxanne
D:15:     hangedman_depths_entry_try_elsewhere_first,
          portal_ice_cave_entry_pillars_2, minmay_misc_feat_nine_boxes,
          minmay_statues_item
Lair:1:   minmay_lair_oklob_tunnel, columned_hall_lemuel, roderic_batcave,
          serial_bayou_lagoon_b, uniq_gastronok
Lair:2:   cheibrodos_lair_river_kwai, minmay_shoals_entry_hut,
          spider_nest_entry_rubble, grunt_forest_large_clearings
Shoals:1: serial_shops, bzr_entry_gold, st_sunken_huts, uniq_frances
Shoals:2: nicolae_shoals_undead_eyrie
Shoals:4: shoals_end_grunt_ice, shoals_ilsuiw_ice
Orc:1:    gammafunk_beogh_shrine, basic_altar
Orc:2:    grunt_orc_gardens, grunt_orc_garden, grunt_orc_garden,
          grunt_orc_garden, grunt_orc_garden
Elf:1:    minmay_elf_arrival_circle, minmay_elf_crystal_hexagon,
          grunt_megastairs_5
Sewer:    sewer_sea
Bailey:   bailey_polearm_1, bailey
IceCv:    ice_cave_caverns_02

Skill      XL: |  1  2  3  4  5  6  7  8  9 10 11 12 13 14 15 |
---------------+----------------------------------------------+-----
Spellcasting   | 5 6 7 8 9 10 | 10.9
Invocations    | 1 2 3 4 5 6 7 8 9 10 | 10.6
Fighting       | 1 2 3 4 5 6 7 8 9 |  9.7
Short Blades   | 1 2 3 4 5 6 7 8 9 |  9.7
Long Blades    | 1 2 3 4 5 6 7 8 9 |  9.7
Axes           | 1 2 3 4 5 6 7 8 9 |  9.7
Maces & Flails | 1 2 3 4 5 6 7 8 9 |  9.7
Polearms       | 1 2 3 4 5 6 7 8 9 |  9.7
Staves         | 1 2 3 4 5 6 7 8 9 |  9.7
Slings         | 1 2 3 4 5 6 7 8 9 |  9.7
Bows           | 1 2 3 4 5 6 7 8 9 |  9.7
Crossbows      | 1 2 3 4 5 6 7 8 9 |  9.7
Throwing       | 1 2 3 4 5 6 7 8 9 |  9.7
Armour         | 1 2 3 4 5 6 7 8 9 |  9.7
Shields        | 1 2 3 4 5 6 7 8 9 |  9.7
Unarmed Combat | 1 2 3 4 5 6 7 8 9 |  9.7
Evocations     | 1 2 3 4 5 6 7 8 9 |  9.7
Conjurations   | 1 2 3 4 5 6 7 8 |  8.2
Hexes          | 1 2 3 4 5 6 7 8 |  8.2
Charms         | 1 2 3 4 5 6 7 8 |  8.2
Summonings     | 1 2 3 4 5 6 7 8 |  8.2
Translocations | 1 2 3 4 5 6 7 8 |  8.2
Transmutations | 1 2 3 4 5 6 7 8 |  8.2
Fire Magic     | 1 2 3 4 5 6 7 8 |  8.2
Ice Magic      | 1 2 3 4 5 6 7 8 |  8.2
Air Magic      | 1 2 3 4 5 6 7 8 |  8.2
Earth Magic    | 1 2 3 4 5 6 7 8 |  8.2
Poison Magic   | 1 2 3 4 5 6 7 8 |  8.2
Dodging        | 5 6 7 8 9 10 | 10.7
Stealth        | 5 6 7 8 9 10 11 | 11.3
Necromancy     | 8 9 10 | 10.7

Action                   |  1- 3 |  4- 6 |  7- 9 | 10-12 | 13-15 || total
-------------------------+-------+-------+-------+-------+-------++-------
Melee: Short sword       |    31 |    97 |    83 |       |       ||   211
       Bite              |     1 |     6 |    14 |    58 |    98 ||   177
       Unarmed           |       |     2 |       |       |       ||     2
       Punch             |       |     1 |     1 |    12 |       ||    14
       Flail             |       |    11 |       |       |       ||    11
       Dagger            |       |       |    50 |   244 |   102 ||   396
       Eveningstar       |       |       |       |       |   281 ||   281
Throw: Tomahawk          |       |       |       |     9 |     4 ||    13
       Stone             |       |       |       |     1 |       ||     1
 Cast: Pain              |    36 |    73 |    67 |    14 |       ||   190
       Regeneration      |     2 |     3 |     3 |     8 |    10 ||    26
       Vampiric Draining |     1 |     7 |    13 |     5 |       ||    26
       Animate Skeleton  |       |     4 |     6 |    17 |    12 ||    39
       Borgnjor's Vile C |       |       |     2 |    45 |    61 ||   108
       Animate Dead      |       |       |       |     1 |     7 ||     8
Invok: Bend Time         |       |       |       |     3 |       ||     3
       Slouch            |       |       |       |       |     8 ||     8
Evoke: Wand              |       |     2 |    15 |    20 |     2 ||    39
  Use: Scroll            |     3 |     2 |     4 |     9 |     3 ||    21
       Potion            |       |     4 |     5 |       |     5 ||    14
 Stab: Sleeping          |    13 |     9 |     7 |    10 |     9 ||    48
       Distracted        |       |       |       |       |     4 ||     4
       Invisible         |       |       |       |       |     3 ||     3
  Eat: Chunk             |       |     3 |     4 |     9 |     8 ||    24
       Ration            |       |       |       |     1 |       ||     1
Armor: Robe              |     6 |    21 |     4 |       |       ||    31
       Skin              |       |     1 |       |       |       ||     1
       Leather armour    |       |       |    16 |    33 |    49 ||    98
       Ice dragon scales |       |       |       |     8 |    36 ||    44
Dodge: Dodged            |    23 |    98 |   102 |   228 |   459 ||   910
Block: Other             |       |       |    24 |    63 |       ||    87
       Reflection        |       |       |     1 |    17 |    23 ||    41
       Buckler           |       |       |       |    26 |   274 ||   300
       Shield            |       |       |       |       |   207 ||   207

Table legend:
 A = Spawn XP
 B = Non-spawn XP
 C = Spawn XP percentage of total XP
 D = Spawn monster count
 E = Non-spawn monster count
 F = Spawn count percentage of total count
 G = Total turns spent on level
                    A         B        C        D         E        F      G
               +---------+---------+-------+---------+---------+-------+---------
         Total |       0 |   97460 |   0.0 |       0 |     556 |   0.0 |  6923
               +---------+---------+-------+---------+---------+-------+---------
           D:1 |       0 |      35 |   0.0 |       0 |      24 |   0.0 |   363
           D:2 |       0 |      28 |   0.0 |       0 |       8 |   0.0 |   183
           D:3 |       0 |     417 |   0.0 |       0 |      47 |   0.0 |   630
           D:4 |       0 |     505 |   0.0 |       0 |      19 |   0.0 |   534
           D:5 |       0 |     189 |   0.0 |       0 |       4 |   0.0 |    88
           D:6 |       0 |     459 |   0.0 |       0 |       8 |   0.0 |   258
           D:7 |       0 |    1026 |   0.0 |       0 |       9 |   0.0 |   199
           D:8 |       0 |    2417 |   0.0 |       0 |      17 |   0.0 |   153
           D:9 |       0 |    3246 |   0.0 |       0 |      25 |   0.0 |   228
          D:10 |       0 |    3245 |   0.0 |       0 |      48 |   0.0 |   507
          D:11 |       0 |    4572 |   0.0 |       0 |      24 |   0.0 |   206
          D:12 |       0 |    5296 |   0.0 |       0 |      24 |   0.0 |   262
          D:13 |       0 |    4328 |   0.0 |       0 |      21 |   0.0 |   401
          D:14 |       0 |    6210 |   0.0 |       0 |      16 |   0.0 |   283
          D:15 |       0 |    6129 |   0.0 |       0 |      20 |   0.0 |   277
        Lair:1 |       0 |    2973 |   0.0 |       0 |      11 |   0.0 |    97
        Lair:2 |       0 |     730 |   0.0 |       0 |       3 |   0.0 |    31
      Shoals:2 |       0 |    6936 |   0.0 |       0 |      15 |   0.0 |    45
      Shoals:3 |       0 |    3509 |   0.0 |       0 |       9 |   0.0 |    40
      Shoals:4 |       0 |    9861 |   0.0 |       0 |      16 |   0.0 |    29
         Orc:1 |       0 |    9517 |   0.0 |       0 |      31 |   0.0 |   415
         Orc:2 |       0 |   11914 |   0.0 |       0 |      54 |   0.0 |   592
         Sewer |       0 |     163 |   0.0 |       0 |      38 |   0.0 |   329
        Bailey |       0 |    2457 |   0.0 |       0 |      11 |   0.0 |   271
         IceCv |       0 |   11298 |   0.0 |       0 |      54 |   0.0 |   483
               +---------+---------+-------+---------+---------+-------+---------

Table legend:
 A = Turns spent in this place as a percentage of turns spent in the entire game.
 B = Non-inter-level travel turns spent in this place as a percentage of non-inter-level travel turns spent in the entire game.
 C = Inter-level travel turns spent in this place as a percentage of turns spent in this place.
 D = Turns resting spent in this place as a percentage of non-inter-level travel turns spent in this place.
 E = Turns spent auto-exploring this place as a percentage of non-inter-level travel turns spent in this place.
 F = Non-inter-level travel turns spent in this place divided by the number of levels of this place that you've seen.
                   A       B       C       D       E      F
               +-------+-------+-------+-------+-------+----------------------
         Total | 100.0 | 100.0 |   3.5 |   0.1 |   0.0 | 247.4
       Dungeon |  66.0 |  66.9 |   2.3 |   0.1 |   0.0 | 297.7
          Lair |   1.8 |   1.9 |   0.0 |   0.0 |   0.0 |  64.0
        Shoals |   1.9 |   1.9 |   0.0 |   0.0 |   0.0 |  32.5
  Orcish Mines |  14.5 |  13.0 |  13.6 |   0.0 |   0.0 | 435.0
   Elven Halls |   0.0 |   0.0 |   0.0 |   0.0 |   0.0 |   3.0
         Sewer |   4.8 |   4.9 |   0.0 |   0.0 |   0.0 | 329.0
        Bailey |   3.9 |   4.1 |   0.0 |   0.0 |   0.0 | 271.0
      Ice Cave |   7.0 |   7.2 |   0.0 |   0.0 |   0.0 | 483.0
               +-------+-------+-------+-------+-------+----------------------

Table legend:
 A = Kills in this place as a percentage of kills in entire the game.
 B = Kills by you in this place as a percentage of kills by you in the entire game.
 C = Kills by friends in this place as a percentage of kills by friends in the entire game.
 D = Other kills in this place as a percentage of other kills in the entire game.
 E = Experience gained in this place as a percentage of experience gained in the entire game.
 F = Experience gained in this place divided by the number of levels of this place that you have seen.
                   A       B       C       D       E      F
               +-------+-------+-------+-------+-------+----------------------
         Total | 100.0 | 100.0 | 100.0 | 100.0 | 100.0 | 3609.6
       Dungeon |  56.5 |  56.6 |  55.6 |  50.0 |  39.1 | 2540.1
          Lair |   2.5 |   2.7 |   0.0 |   0.0 |   3.8 | 1851.5
        Shoals |   7.2 |   6.9 |   7.4 |  25.0 |  20.8 | 5076.5
  Orcish Mines |  15.3 |  15.9 |   0.0 |  25.0 |  22.0 | 10715.5
         Sewer |   6.8 |   7.1 |   3.7 |   0.0 |   0.2 | 163.0
        Bailey |   2.0 |   1.7 |   7.4 |   0.0 |   2.5 | 2457.0
      Ice Cave |   9.7 |   9.0 |  25.9 |   0.0 |  11.6 | 11298.0
               +-------+-------+-------+-------+-------+----------------------

Vault maps used:
D:1:      dpeg_arrival_brainrot
D:3:      kennysheep_six_static_rooms, gup_sewer_entry_pipe, uniq_sigmund
D:4:      tso_oasis_becter, lemuel_doored_altar
D:5:      kennysheep_mini_moat, temple_fountains, first_ration
D:6:      grunt_temple_overflow_open, nemelex_spade_bored_becter
D:7:      overflow_temple_1_default, grunt_livestock, uniq_duvessa, uniq_pikel
D:8:      marbit_many_paths, due_lair_maze_entry_diamond, uniq_erica
D:10:     orc_david_3, special_room, serial_shops, shop, enter_bailey_3
D:11:     uniq_urug
D:12:     uniq_erolcha
D:13:     serial_shops, shop
D:14:     david_vaults_4, grunt_decor_arrowhead, uniq_roxanne
D:15:     hangedman_depths_entry_try_elsewhere_first,
          portal_ice_cave_entry_pillars_2, minmay_misc_feat_nine_boxes,
          minmay_statues_item
Lair:1:   minmay_lair_oklob_tunnel, columned_hall_lemuel, roderic_batcave,
          serial_bayou_lagoon_b, uniq_gastronok
Lair:2:   cheibrodos_lair_river_kwai, minmay_shoals_entry_hut,
          spider_nest_entry_rubble, grunt_forest_large_clearings
Shoals:1: serial_shops, bzr_entry_gold, st_sunken_huts, uniq_frances
Shoals:2: nicolae_shoals_undead_eyrie
Shoals:4: shoals_end_grunt_ice, shoals_ilsuiw_ice
Orc:1:    gammafunk_beogh_shrine, basic_altar
Orc:2:    grunt_orc_gardens, grunt_orc_garden, grunt_orc_garden,
          grunt_orc_garden, grunt_orc_garden
Elf:1:    minmay_elf_arrival_circle, minmay_elf_crystal_hexagon,
          grunt_megastairs_5
Sewer:    sewer_sea
Bailey:   bailey_polearm_1, bailey
IceCv:    ice_cave_caverns_02
